AoeStats
← FAD3D WHHYY NOT

Arena

509022866Analyzed
4v4 RM · 6d ago on Sep 25, 2026· 43m 52s· 8 players
Game mode
Random Map
Map size
Large (8 player)
Population
200
Speed
Normal
Resources
Standard
Victory
Conquest
Starting age
Dark Age
Ending age
Imperial Age
RankedLock teamsTeams togetherTeam positionsShared explorationLock speedFull tech treeHidden civsTurbo modeCheats
Victory
Defeat
🇺🇸 Persians · United States
951
+7
🇺🇸 Bulgarians · United States
850
+10
🇨🇦 Danes · Canada
691
+16
🇺🇸 Spanish · United States
687
+15
🇮🇳 Mongols · India
747
-14
🇨🇦 Byzantines · Canada
735
-13
🇺🇸 Danes · United States
717
-12
🇨🇦 Vikings · Canada
629
-9
MrSimon25
11:35 Feudal Age
19:56 Castle Age
23:32 Squires
23:21 Arson
23:42 Scale Mail Armor
26:40 Fortified Wall
weefimonster
11:23 Feudal Age
16:22 Castle Age
15:20 Double-Bit Axe
15:19 Horse Collar
16:00 Scale Barding Armor
16:53 Forging
17:31 Bow Saw
18:47 Heavy Plow
19:50 Loom
20:44 Wheelbarrow
22:17 Chain Barding Armor
24:47 Husbandry
26:17 Fortified Wall
28:18 Gold Mining
30:10 Fletching
32:01 Gold Shaft Mining
32:31 Stone Mining
35:40 Imperial Age
34:42 Bodkin Arrow
35:24 Iron Casting
34:45 Bodkin Arrow
36:20 Elite Cataphract
37:47 Plate Barding Armor
36:48 Capped Ram
38:04 Conscription
38:22 Hoardings
39:59 Logistica
41:54 Scale Mail Armor
41:18 Pikeman
42:24 Halberdier
42:43 Elite Skirmisher
RookToD2
10:10 Feudal Age
10:12 Loom
11:12 Loom
15:09 Castle Age
14:29 Double-Bit Axe
14:44 Stone Mining
23:48 Wheelbarrow
24:19 Bow Saw
23:50 Horse Collar
24:06 Fletching
24:16 Padded Archer Armor
24:31 Heavy Plow
26:53 Bodkin Arrow
27:13 Leather Archer Armor
33:39 Imperial Age
33:49 Imperial Age
34:33 Bloodlines
33:44 Light Cavalry
34:49 Hand Cart
34:21 Town Watch
35:12 Conscription
35:45 Drill
34:51 Capped Ram
38:24 Pikeman
38:39 Hussar
40:25 Scale Barding Armor
40:20 Bracer
Smurfm4n87
0:41 Loom
11:55 Feudal Age
12:33 Double-Bit Axe
12:34 Horse Collar
16:59 Forging
19:16 Castle Age
18:46 Forging
18:38 Scale Mail Armor
20:54 Iron Casting
20:41 Man-at-Arms
21:09 Gambesons
23:29 Squires
23:40 Thumb Ring
25:26 Fletching
26:49 Bodkin Arrow
26:56 Padded Archer Armor
30:35 Leather Archer Armor
31:25 Wheelbarrow
33:58 Hamask
35:41 Caravan
38:28 Ballistics
39:42 Long Swordsman
40:10 Arson
40:44 Chain Mail Armor
44:23 Imperial Age
42:01 Heavy Plow
43:16 Elite Skirmisher
V snacks
13:46 Feudal Age
13:38 Loom
14:44 Town Watch
20:49 Castle Age
19:48 Scale Mail Armor
20:02 Forging
19:36 Horse Collar
19:54 Double-Bit Axe
22:17 Pikeman
22:59 Squires
24:13 Wheelbarrow
23:57 Bow Saw
26:57 Hand Cart
28:16 Chain Mail Armor
28:19 Fletching
29:53 Stone Mining
30:34 Heavy Plow
34:18 Arson
39:20 Imperial Age
40:48 Halberdier
41:00 Halberdier
FAD3D WHHYY NOT
0:28 Loom
10:47 Feudal Age
13:27 Double-Bit Axe
15:39 Horse Collar
17:43 Fletching
20:48 Castle Age
18:57 Stone Mining
22:54 Padded Archer Armor
24:14 Leather Archer Armor
24:06 Scale Barding Armor
24:30 Ballistics
24:22 Fortified Wall
25:40 Chain Barding Armor
31:08 Husbandry
36:15 Bloodlines
38:02 Wheelbarrow
39:03 Gambesons
39:21 Squires
45:17 Imperial Age
43:39 Hand Cart
43:27 Heavy Plow
43:42 Bow Saw
Darebear266178
0:35 Loom
13:02 Feudal Age
18:23 Castle Age
18:16 Double-Bit Axe
18:24 Gold Mining
21:11 Stone Mining
23:56 Town Watch
24:04 Fletching
31:42 Pikeman
35:09 Horse Collar
38:17 Gold Shaft Mining
37:56 Bow Saw
38:45 Forging
38:36 Scale Mail Armor
41:18 Wheelbarrow
42:30 Hand Cart
45:30 Imperial Age
44:40 Iron Casting
44:21 Chain Mail Armor
ENJIN3AR
10:41 Feudal Age
13:42 Loom
16:04 Castle Age
14:31 Double-Bit Axe
17:29 Bow Saw
20:48 Horse Collar
22:16 Gold Mining
25:41 Wheelbarrow
26:52 Fletching
27:19 Forging
28:23 Husbandry
28:34 Bloodlines
29:09 Heavy Plow
30:34 Gold Shaft Mining
29:52 Stone Mining
31:39 Iron Casting
31:10 Scale Barding Armor
34:32 Imperial Age
32:18 Hand Cart
31:51 Town Watch
32:37 Scale Mail Armor
32:58 Chain Barding Armor
32:40 Scale Mail Armor
35:31 Plate Barding Armor
35:57 Blast Furnace
34:26 Cavalier
34:27 Heavy Camel Rider
35:39 Conscription
35:46 Savar
37:12 Stone Shaft Mining
37:28 Capped Ram
39:10 Light Cavalry
41:31 Siege Ram
43:24 Kamandaran
43:35 Citadels
42:46 Elite War Elephant
42:49 Crossbowman
43:35 Thumb Ring
42:50 Elite Skirmisher
43:20 Hussar
Connection lost

Rejoining the realm…

Still unreachable

The connection could not be restored.

Session expired

The server has moved on; the page needs a fresh start.